 Dungeon Crawl Stone Soup version bcrawl-1.40.3b (webtiles) character file.

Game seed: 7303281091526849440

177088 Finalfun the Slasher (level 7, 0/48 HPs)
             Began as a Human Archaeologist on Mar 16, 2024.
             Was an Initiate of Gozag.
             Succumbed to a worker ant's poison
             ... on level 3 of the Dungeon.
             The game lasted 00:08:51 (4189 turns).

Finalfun the Slasher (Human Archaeologist)          Turns: 4189, Time: 00:08:51

Health: 0/48       AC:  9    Str: 13    XL:     7   Next: 47%
Magic:  7/7        EV: 13    Int: 14    God:    Gozag
Gold:   116        SH:  2    Dex: 12    Spells: 6/6 levels left

rFire    . . .     GDR:     24% q - +1 falchion (holy)
rCold    . . .     SeeInvis .   (no shield)
rNeg     . . .     Gourm    .   c - +1 robe
rPois    .         Faith    .   d - +1 hat
rElec    .         Spirit   .   h - +0 cloak {MR+}
rCorr    .         Reflect  .   (no gloves)
MR       +....                  p - +1 pair of boots
Stlth    ++........             (no amulet)
HPRegen  0.18/turn              (no ring)
MPRegen  0.10/turn              (no ring)

@: lethally poisoned (0 -> -5), gold aura
A: horns 1, icy blue scales 1, no potion heal 1
a: Potion Petition, Call Merchant, Bribe Branch, Renounce Religion


You were on level 3 of the Dungeon.
You worshipped Gozag.
Gozag was aware of your devotion.
You were hungry.

You visited 2 branches of the dungeon, and saw 5 of its levels.

You collected 182 gold pieces.
You paid 66 gold pieces to Gozag.

Inventory:

Hand Weapons
 b - a +0 blowgun
 q - a +1 falchion of holy wrath (weapon)
Missiles
 f - 75 curare-tipped needles
 i - 58 poisoned needles
 s - 723 stones (quivered)
Armour
 a - a +0 pair of gloves
 c - a +1 robe (worn)
 d - a +1 hat (worn)
 h - a +0 cloak of magic resistance (worn)
 l - a +0 ring mail
 p - a +1 pair of boots (worn)
Jewellery
 k - an uncursed ring of flight {unknown}
 t - an uncursed amulet of guardian spirit {unknown}
 v - an uncursed ring of positive energy {unknown}
 C - an uncursed amulet of the acrobat {unknown}
Scrolls
 g - 2 scrolls of revelation
 n - 2 scrolls of teleportation
 w - a scroll of fog {unknown}
 x - a scroll of remove curse {unknown}
 y - a scroll of enchant weapon {unknown}
 B - a scroll of fear {unknown}
 D - a scroll of amnesia {unknown}
Potions
 j - 2 potions of cancellation
 m - 2 potions of brilliance
 o - 3 potions of magic
 r - a potion of flight {unknown}
 z - a potion of haste
Comestibles
 e - 7 rations {!d}


   Skills:
 - Level 1.0 Fighting
 + Level 7.5 Long Blades
   Level 1.1 Maces & Flails
 - Level 4.0 Dodging
 - Level 4.0 Stealth


You had 6 spell levels left.
You didn't know any spells.
Your spell library was empty.

Dungeon Overview and Level Annotations

Branches:
Dungeon (4/12)             Temple (1/1) D:4

Altars:
Ashenzari
Cheibriados
Dithmenos
Elyvilon
Fedhas
Gozag
Hepliaklqana
Lugonu
Makhleb
Nemelex Xobeh
Okawaru
Qazlal
Ru
Sif Muna
Trog
Uskayaw
Vehumet
Wu Jian
Xom
Yredelemnul
The Shining One

Annotations:
D:4 exclusion: sky beast


Innate Abilities, Weirdness & Mutations

You have a pair of small horns on your head.
You are partially covered in icy blue scales. (AC +2)
Potions are less effective at restoring your health.


Message History

Okay, then.
Really quaff the potion of mutation?
You feel extremely strange. The horns on your head shrink away.
Your body's shape seems more normal.
Icy blue scales grow over part of your body.
Your system partially rejects the healing effects of potions.
A pair of horns grows on your head!
* * * LOW HITPOINT WARNING * * *
You feel sick.
Quiver which item? (- for none, * to show all) (? for menu, Esc to quit)
Okay, then.
Okay, then.
* * * LOW HITPOINT WARNING * * *
You feel sick.
There is a stone staircase leading down here.
You see here 3 gold pieces.
There isn't anything to butcher here.
You see here 4 gold pieces.
You die...
Your body crumbles into a pile of gold.

# ################
###...............
#..........######.
#.#.###.).........
#$#.# #.##.######.
#@#.# #.##.# #.
#.#.# #.##.######.
#.#<# #...........
#.#.###..#.##.##..
#..........##.##..
###....#.####.##..
##.##.#.## #.##..
####...#....###.##..
#.>..#..........#...


There were no monsters in sight!

Vanquished Creatures
  A kobold brigand (D:4)
  A centaur (D:4)
  A crimson imp (D:4)
  An orc wizard (D:4)
  7 worker ants
  6 adders
  An ooze (D:3)
  An adder skeleton (D:4)
  2 worms
  A dart slug (D:4)
  3 leopard geckos
  3 orcs
  4 giant cockroaches
  4 goblins
  12 hobgoblins
  7 jackals
  30 kobolds
  3 quokkas
  2 bats
  3 frilled lizards
  8 rats
101 creatures vanquished.

Vanquished Creatures (others)
  5 plants (D:4)
5 creatures vanquished.

Grand Total: 106 creatures vanquished

Notes
Turn   | Place    | Note
-------+----------+-------------------------------------------
     0 | D:1      | Finalfun the Human Archaeologist began the quest for the
                  | Orb.
     0 | D:1      | Reached XP level 1. HP: 15/15 MP: 1/1
   216 | D:1      | Reached XP level 2. HP: 17/21 MP: 2/2
   459 | D:1      | Reached skill level 1 in Long Blades
   472 | D:1      | Reached XP level 3. HP: 16/26 MP: 3/3
  1045 | D:2      | Reached skill level 2 in Long Blades
  1199 | D:2      | Reached XP level 4. HP: 24/32 MP: 4/4
  1908 | D:3      | Reached skill level 3 in Long Blades
  2377 | D:3      | Reached XP level 5. HP: 28/37 MP: 5/5
  2377 | D:3      | Identified a scroll of acquirement
  2388 | D:3      | Identified the ring "Oter" {Fire rElec Dex+4} (You acquired
                  | it on level 3 of the Dungeon)
  2579 | D:3      | Reached skill level 4 in Long Blades
  2634 | D:4      | Noticed a sky beast
  2771 | D:4      | Reached skill level 5 in Long Blades
  2771 | D:4      | Reached XP level 6. HP: 27/43 MP: 6/6
  3006 | D:4      | Reached skill level 6 in Long Blades
  3165 | D:4      | Reached XP level 7. HP: 21/48 MP: 7/7
  3314 | D:4      | Found a staircase to the Ecumenical Temple.
  3345 | Temple   | Entered the Ecumenical Temple
  3773 | Temple   | Became a worshipper of Gozag Ym Sagoz the Greedy
  3921 | D:4      | Reached skill level 7 in Long Blades
  4185 | D:3      | Gained mutation: Armour fits poorly on your strangely
                  | shaped body. [potion of mutation]
  4185 | D:3      | Gained mutation: You have a pair of small horns on your
                  | head. [potion of mutation]
  4186 | D:3      | Lost mutation: You have a pair of small horns on your head.
                  | [potion of mutation]
  4186 | D:3      | Lost mutation: Armour fits poorly on your strangely shaped
                  | body. [potion of mutation]
  4186 | D:3      | Gained mutation: You are partially covered in icy blue
                  | scales. (AC +2) [potion of mutation]
  4186 | D:3      | Gained mutation: Potions are less effective at restoring
                  | your health. [potion of mutation]
  4186 | D:3      | Gained mutation: You have a pair of small horns on your
                  | head. [potion of mutation]
  4186 | D:3      | HP: 2/48 [poisoned by a worker ant]
  4189 | D:3      | Succumbed to a worker ant's poison

Skill      XL: |  1  2  3  4  5  6  7 |
---------------+----------------------+-----
Stealth        | 4 |  4.0
Long Blades    | 1 2 3 5 6 7 |  7.5
Dodging        | 4 |  4.0
Fighting       | |  1.0
Maces & Flails | |  1.1

Action                   |  1- 3 |  4- 6 |  7- 9 || total
-------------------------+-------+-------+-------++-------
Melee: Whip              |    43 |       |       ||    43
       Falchion          |   128 |   277 |    81 ||   486
Throw: Stone             |       |    11 |       ||    11
Invok: Potion Petition   |       |       |     1 ||     1
  Use: Scroll            |     3 |     5 |     1 ||     9
       Potion            |       |     3 |     3 ||     6
 Stab: Sleeping          |     2 |     4 |       ||     6
  Eat: Chunk             |     5 |    14 |       ||    19
       Ration            |       |       |     1 ||     1
Armor: Robe              |    47 |    81 |    19 ||   147
Dodge: Dodged            |   128 |   164 |    50 ||   342
Block: Other             |       |     2 |     2 ||     4
